[ AOE2 MATCH · #463526441 ]
UnrankedPersians vs Saracens
[ REPLAY ANALYSIS · EXTRACTED FROM THE RECORDED GAME ]
Feudal
—
Castle
—
Imperial
—
| APM avg | 43.9 |
| APM peak | 240 |
| eAPM avg | 42.9 |
| Villagers / military | 132 / 514 |
Focus
⚔️ 12.8% · 🌾 87.2%
Trade Cart ×74 · War Elephant ×69 · Knight ×65 · Archer ×60 · Camel Scout ×59 · Cavalry Archer ×50
Feudal
—
Castle
—
Imperial
—
| APM avg | 42.3 |
| APM peak | 154 |
| eAPM avg | 40.0 |
| Villagers / military | 158 / 17 |
Focus
⚔️ 7.0% · 🌾 93.0%
Unknown (1908) ×120 · Unknown (1911) ×50 · Trade Cart ×41 · Iron Pagoda ×16 · Monk ×1
Feudal
—
Castle
—
Imperial
—
| APM avg | 13.0 |
| APM peak | 42 |
| eAPM avg | 9.7 |
| Villagers / military | 108 / 637 |
Focus
⚔️ 32.5% · 🌾 67.5%
Jaguar Warrior ×410 · Scorpion ×196 · Trade Cart ×43 · Mangonel ×20 · Battering Ram ×10 · Monk ×1
Feudal
—
Castle
—
Imperial
—
| APM avg | 16.2 |
| APM peak | 57 |
| eAPM avg | 13.7 |
| Villagers / military | 201 / 126 |
Focus
⚔️ 39.8% · 🌾 60.2%
Trade Cart ×111 · Scorpion ×55 · Camel Scout ×50 · Mangonel ×20 · Monk ×1
Feudal
—
Castle
—
Imperial
—
| APM avg | 23.4 |
| APM peak | 60 |
| eAPM avg | 14.1 |
| Villagers / military | 216 / 300 |
Focus
⚔️ 31.5% · 🌾 68.5%
Leitis ×148 · Knight ×110 · Trade Cart ×80 · Mangonel ×20 · Trebuchet (Packed) ×15 · Monk ×7
Feudal
—
Castle
—
Imperial
—
| APM avg | 24.1 |
| APM peak | 131 |
| eAPM avg | 21.9 |
| Villagers / military | 134 / 707 |
Focus
⚔️ 61.3% · 🌾 38.7%
Spearman ×205 · Hand Cannoneer ×177 · Skirmisher ×149 · Organ Gun ×113 · Bombard Cannon ×46 · Trade Cart ×19
Match map
Initial resources + every placement click. Lines = walls · curves = elevation contours. ◆ gold · ⬟ stone · ● berries · ✦ relic · ◌ wall gap
Your base· ✓ Map-separated
Nanobeast9523's base· ✓ Map-separated
Sonjano007's base· ✓ Map-separated
sirarthu's base· ✓ Map-separated
sbaqir586's base· ✓ Map-separated
PETIEboy391391's base· ✓ Map-separated
Smoothed initial terrain · ◌ = detected wall gap · hover for details
Inputs per minute
— z-xX-Future-Xx-z - - Nanobeast9523
Build order — z-xX-Future-Xx-z
First 150 of 852 actions detected
| 0:04 | Create | Villager (Male) ×5 |
| 0:05 | Create | Villager (Male) ×5 |
| 0:07 | Create | Villager (Male) |
| 0:08 | Research | Loom |
| 1:03 | Build | House |
| 1:05 | Build | House |
| 1:07 | Build | House |
| 1:16 | Build | Mill |
| 1:24 | Build | Mining Camp |
| 1:40 | Build | Barracks |
| 3:06 | Build | Lumber Camp |
| 4:10 | Build | Mining Camp |
| 4:16 | Research | Feudal Age |
| 6:15 | Create | Villager (Male) ×5 |
| 7:17 | Build | Stable |
| 7:23 | Build | Archery Range |
| 7:30 | Research | Wheelbarrow |
| 7:36 | Research | Double-Bit Axe |
| 7:45 | Research | Horse Collar |
| 8:46 | Build | Mill |
| 9:09 | Build | Mining Camp |
| 9:15 | Build | Farm |
| 9:15 | Build | Farm |
| 9:15 | Build | Farm |
| 9:15 | Build | Farm |
| 9:15 | Build | Farm |
| 9:15 | Build | Farm |
| 9:15 | Build | Farm |
| 9:18 | Build | Farm |
| 9:18 | Build | Farm |
| 9:18 | Build | Farm |
| 9:18 | Build | Blacksmith |
| 9:26 | Create | Villager (Male) ×5 |
| 9:26 | Build | Farm |
| 9:26 | Build | Farm |
| 9:26 | Build | Farm |
| 9:26 | Build | Farm |
| 9:26 | Build | Farm |
| 9:30 | Build | Farm |
| 9:30 | Build | Farm |
| 9:30 | Build | Farm |
| 9:30 | Build | Farm |
| 9:30 | Build | Farm |
| 9:30 | Build | Farm |
| 9:30 | Build | Farm |
| 9:30 | Build | Farm |
| 9:30 | Build | Farm |
| 9:30 | Build | Farm |
| 9:30 | Build | Farm |
| 9:30 | Build | Farm |
| 9:30 | Build | Farm |
| 9:30 | Build | Farm |
| 9:30 | Build | Farm |
| 9:30 | Build | Farm |
| 9:30 | Build | Farm |
| 9:30 | Build | Farm |
| 9:32 | Build | Farm |
| 9:32 | Build | Farm |
| 9:32 | Build | Farm |
| 9:32 | Build | Farm |
| 9:32 | Build | Farm |
| 9:32 | Build | Farm |
| 9:32 | Build | Farm |
| 9:33 | Build | Farm |
| 9:33 | Build | Farm |
| 9:33 | Build | Farm |
| 10:18 | Build | Farm |
| 10:18 | Build | Farm |
| 10:18 | Build | Farm |
| 10:18 | Build | Farm |
| 10:18 | Build | Farm |
| 10:19 | Build | Farm |
| 10:33 | Build | Farm |
| 10:33 | Build | Farm |
| 10:33 | Build | Farm |
| 10:33 | Build | Farm |
| 10:33 | Build | Farm |
| 10:33 | Build | Farm |
| 10:48 | Build | Farm |
| 10:48 | Build | Farm |
| 10:48 | Build | Farm |
| 10:53 | Build | Market |
| 11:05 | Build | Farm |
| 11:20 | Build | Market |
| 11:45 | Research | Town Watch |
| 12:14 | Build | Market |
| 12:26 | Build | Market |
| 12:29 | Build | Market |
| 13:12 | Research | Castle Age |
| 13:41 | Build | House |
| 13:44 | Build | House |
| 13:47 | Build | House |
| 13:50 | Build | House |
| 13:51 | Build | House |
| 13:53 | Build | House |
| 13:55 | Build | House |
| 13:59 | Build | House |
| 14:02 | Build | House |
| 14:04 | Build | House |
| 14:06 | Build | House |
| 14:08 | Build | House |
| 14:10 | Build | House |
| 14:14 | Build | House |
| 14:16 | Build | House |
| 14:17 | Build | House |
| 14:19 | Build | House |
| 14:22 | Build | House |
| 14:24 | Build | House |
| 14:27 | Build | House |
| 14:29 | Build | House |
| 14:29 | Build | Farm |
| 14:29 | Build | Farm |
| 14:29 | Build | Farm |
| 14:29 | Build | Farm |
| 14:29 | Build | Farm |
| 14:29 | Build | Farm |
| 14:29 | Build | Farm |
| 14:29 | Build | Farm |
| 14:29 | Build | Farm |
| 14:29 | Build | Farm |
| 14:29 | Build | Farm |
| 14:29 | Build | Farm |
| 14:30 | Build | Farm |
| 14:30 | Build | Farm |
| 14:30 | Build | Farm |
| 14:30 | Build | Farm |
| 14:30 | Build | Farm |
| 14:33 | Build | House |
| 14:38 | Build | House |
| 14:40 | Build | House |
| 14:42 | Build | House |
| 15:46 | Build | Town Center |
| 15:57 | Create | Villager (Male) ×5 |
| 15:58 | Create | Villager (Male) ×5 |
| 15:59 | Create | Villager (Male) ×5 |
| 16:04 | Research | Heavy Plow |
| 16:09 | Research | Bow Saw |
| 17:39 | Research | Hand Cart |
| 17:40 | Create | Villager (Male) ×2 |
| 18:06 | Research | Gold Mining |
| 18:54 | Create | Villager (Male) ×4 |
| 19:39 | Research | Gold Shaft Mining |
| 19:45 | Build | Farm |
| 19:45 | Build | Farm |
| 19:48 | Build | Farm |
| 19:48 | Build | Farm |
| 19:58 | Create | Villager (Male) ×2 |
| 20:45 | Research | Stone Mining |
| 20:52 | Create | Villager (Male) ×4 |
| 21:02 | Build | Town Center |
Build order — Nanobeast9523
First 150 of 1170 actions detected
| 0:20 | Create | Villager (Male) |
| 0:21 | Create | Villager (Male) |
| 0:22 | Create | Villager (Male) |
| 0:23 | Create | Villager (Male) |
| 0:24 | Research | Loom |
| 1:16 | Build | Mill |
| 1:38 | Build | Mining Camp |
| 3:20 | Research | Feudal Age |
| 5:36 | Research | Wheelbarrow |
| 5:37 | Research | Town Watch |
| 5:40 | Create | Villager (Male) |
| 5:40 | Create | Villager (Male) |
| 5:40 | Create | Villager (Male) |
| 5:53 | Build | Lumber Camp |
| 6:21 | Build | Market |
| 6:23 | Build | Market |
| 7:05 | Build | Mining Camp |
| 7:36 | Research | Gold Mining |
| 7:37 | Research | Stone Mining |
| 7:50 | Create | Villager (Male) |
| 7:50 | Create | Villager (Male) |
| 7:50 | Create | Villager (Male) |
| 7:51 | Create | Villager (Male) |
| 7:51 | Create | Villager (Male) |
| 8:29 | Research | Horse Collar |
| 9:39 | Build | Mining Camp |
| 9:58 | Build | House |
| 10:00 | Build | House |
| 10:04 | Build | House |
| 10:08 | Build | House |
| 10:37 | Create | Villager (Male) |
| 10:37 | Create | Villager (Male) |
| 10:38 | Create | Villager (Male) |
| 10:38 | Create | Villager (Male) |
| 10:38 | Create | Villager (Male) |
| 10:42 | Create | Villager (Male) |
| 10:43 | Create | Villager (Male) |
| 10:43 | Create | Villager (Male) |
| 12:10 | Build | Farm |
| 12:10 | Build | Farm |
| 12:10 | Build | Farm |
| 12:10 | Build | Farm |
| 12:10 | Build | Farm |
| 12:10 | Build | Farm |
| 12:10 | Build | Farm |
| 12:10 | Build | Farm |
| 12:10 | Build | Farm |
| 12:10 | Build | Outpost |
| 12:17 | Build | Farm |
| 12:18 | Build | Farm |
| 12:18 | Build | Farm |
| 12:18 | Build | Farm |
| 12:20 | Build | Farm |
| 12:20 | Build | Farm |
| 12:20 | Build | Farm |
| 12:20 | Build | Farm |
| 12:23 | Build | Outpost |
| 12:42 | Build | Farm |
| 12:59 | Build | Farm |
| 12:59 | Build | Farm |
| 12:59 | Build | Farm |
| 12:59 | Build | Farm |
| 13:18 | Build | Farm |
| 13:18 | Build | Farm |
| 13:18 | Build | Farm |
| 13:18 | Build | Farm |
| 13:18 | Build | Farm |
| 13:18 | Build | Farm |
| 13:46 | Build | Farm |
| 13:46 | Build | Farm |
| 13:46 | Build | Farm |
| 13:46 | Build | Farm |
| 13:46 | Build | Farm |
| 13:48 | Build | Farm |
| 13:48 | Build | Farm |
| 13:48 | Build | Farm |
| 13:48 | Build | Farm |
| 14:17 | Build | Farm |
| 14:17 | Build | Farm |
| 14:18 | Build | Farm |
| 14:18 | Build | Farm |
| 14:43 | Build | House |
| 15:16 | Build | Outpost |
| 15:31 | Build | Blacksmith |
| 15:33 | Create | Villager (Male) |
| 15:33 | Create | Villager (Male) |
| 15:34 | Create | Villager (Male) |
| 15:34 | Create | Villager (Male) |
| 15:37 | Build | Farm |
| 15:37 | Build | Farm |
| 15:37 | Build | Farm |
| 15:38 | Build | Farm |
| 15:38 | Build | Farm |
| 15:44 | Build | Outpost |
| 15:58 | Build | Farm |
| 15:58 | Build | Farm |
| 15:58 | Build | Farm |
| 16:23 | Build | Farm |
| 16:31 | Build | Farm |
| 16:31 | Build | Farm |
| 16:31 | Build | Farm |
| 16:31 | Build | Farm |
| 16:31 | Build | Farm |
| 16:56 | Build | Farm |
| 16:56 | Build | Farm |
| 16:56 | Build | Farm |
| 16:56 | Build | Farm |
| 16:58 | Build | Outpost |
| 17:07 | Build | Outpost |
| 17:27 | Build | Stone Wall |
| 17:43 | Build | Stone Wall |
| 18:05 | Build | Outpost |
| 18:24 | Research | Castle Age |
| 19:28 | Build | Outpost |
| 19:53 | Build | Gate |
| 20:14 | Build | Gate |
| 20:22 | Build | Gate |
| 20:37 | Build | Gate |
| 20:50 | Build | Gate |
| 21:03 | Build | Gate |
| 21:17 | Research | Hand Cart |
| 21:19 | Create | Villager (Male) ×14 |
| 21:31 | Build | Town Center |
| 21:41 | Build | Town Center |
| 21:52 | Build | Town Center |
| 22:07 | Build | Mill |
| 22:42 | Build | Lumber Camp |
| 23:11 | Research | Gold Shaft Mining |
| 23:17 | Research | Stone Shaft Mining |
| 23:50 | Build | Stone Wall |
| 23:57 | Build | Stone Wall |
| 24:02 | Build | Farm |
| 24:05 | Build | Stone Wall |
| 24:19 | Build | Farm |
| 24:19 | Build | Farm |
| 24:19 | Build | Farm |
| 24:19 | Build | Farm |
| 24:32 | Build | Farm |
| 24:35 | Build | Mining Camp |
| 24:48 | Create | Villager (Male) ×15 |
| 24:49 | Create | Villager (Male) |
| 24:49 | Create | Villager (Male) ×15 |
| 24:49 | Create | Villager (Male) |
| 25:12 | Build | Gate |
| 25:36 | Build | Gate |
| 25:48 | Build | Gate |
| 25:55 | Build | Farm |
| 25:55 | Build | Farm |
| 25:55 | Build | Farm |
| 25:55 | Build | Farm |
Build order — Sonjano007
First 150 of 478 actions detected
| 0:15 | Build | House |
| 0:27 | Build | Mining Camp |
| 1:06 | Create | Villager (Male) |
| 1:07 | Create | Villager (Male) |
| 1:07 | Create | Villager (Male) |
| 1:57 | Create | Villager (Male) |
| 1:58 | Create | Villager (Male) |
| 1:58 | Create | Villager (Male) |
| 1:58 | Create | Villager (Male) |
| 3:30 | Build | Mill |
| 4:38 | Research | Feudal Age |
| 6:12 | Build | Lumber Camp |
| 6:51 | Research | Wheelbarrow |
| 6:53 | Create | Villager (Male) |
| 6:54 | Create | Villager (Male) |
| 6:54 | Create | Villager (Male) |
| 6:54 | Create | Villager (Male) |
| 7:25 | Research | Double-Bit Axe |
| 7:30 | Research | Horse Collar |
| 9:45 | Build | Market |
| 10:29 | Build | Mill |
| 10:37 | Create | Villager (Male) |
| 10:38 | Create | Villager (Male) |
| 10:38 | Create | Villager (Male) |
| 10:38 | Create | Villager (Male) |
| 10:40 | Create | Villager (Male) |
| 10:55 | Build | Market |
| 12:00 | Build | Lumber Camp |
| 12:17 | Create | Trade Cart |
| 12:18 | Create | Trade Cart |
| 12:41 | Create | Trade Cart |
| 12:41 | Create | Trade Cart |
| 13:28 | Build | Blacksmith |
| 13:54 | Build | Farm |
| 13:57 | Build | Farm |
| 13:59 | Build | Farm |
| 14:02 | Build | Farm |
| 14:04 | Build | Farm |
| 14:06 | Build | Farm |
| 14:08 | Build | Farm |
| 14:09 | Build | Farm |
| 14:11 | Build | Farm |
| 14:13 | Build | Farm |
| 14:15 | Build | Farm |
| 14:18 | Build | Farm |
| 14:19 | Build | Farm |
| 15:10 | Create | Villager (Male) |
| 15:11 | Create | Villager (Male) |
| 15:22 | Research | Gold Mining |
| 15:27 | Research | Stone Mining |
| 16:05 | Research | Castle Age |
| 16:58 | Build | House |
| 17:00 | Build | House |
| 17:03 | Build | House |
| 17:04 | Build | House |
| 17:07 | Build | House |
| 17:08 | Build | House |
| 17:10 | Build | House |
| 17:13 | Build | House |
| 17:22 | Research | Forging |
| 17:23 | Research | Scale Mail Armor |
| 17:24 | Research | Padded Archer Armor |
| 17:24 | Research | Fletching |
| 17:39 | Create | Trade Cart |
| 17:42 | Create | Trade Cart |
| 18:51 | Research | Hand Cart |
| 19:03 | Create | Villager (Male) |
| 19:03 | Create | Villager (Male) |
| 19:04 | Create | Villager (Male) |
| 19:04 | Create | Villager (Male) |
| 19:04 | Create | Villager (Male) |
| 19:05 | Create | Villager (Male) |
| 19:33 | Build | Town Center |
| 20:18 | Build | Town Center |
| 20:25 | Create | Villager (Male) |
| 20:25 | Create | Villager (Male) |
| 20:26 | Create | Villager (Male) |
| 20:26 | Create | Villager (Male) |
| 20:26 | Create | Villager (Male) |
| 20:26 | Create | Villager (Male) |
| 20:27 | Create | Villager (Male) |
| 20:27 | Create | Villager (Male) |
| 20:56 | Build | House |
| 20:58 | Build | House |
| 20:59 | Build | House |
| 21:00 | Build | House |
| 21:02 | Build | House |
| 21:03 | Build | House |
| 21:05 | Build | House |
| 21:13 | Research | Bow Saw |
| 21:51 | Create | Villager (Male) |
| 21:52 | Create | Villager (Male) |
| 21:52 | Create | Villager (Male) |
| 21:52 | Create | Villager (Male) |
| 21:52 | Create | Villager (Male) |
| 21:53 | Create | Villager (Male) |
| 21:53 | Create | Villager (Male) |
| 24:15 | Build | Farm |
| 24:17 | Build | Farm |
| 24:19 | Build | Farm |
| 24:21 | Build | Farm |
| 24:22 | Build | Farm |
| 24:27 | Build | Farm |
| 24:29 | Build | Farm |
| 24:31 | Build | Farm |
| 24:32 | Build | Farm |
| 24:34 | Build | Farm |
| 24:36 | Build | Farm |
| 24:39 | Build | Farm |
| 24:50 | Create | Villager (Male) |
| 24:50 | Create | Villager (Male) |
| 24:51 | Create | Villager (Male) |
| 25:41 | Build | Farm |
| 25:51 | Create | Villager (Male) |
| 25:52 | Create | Villager (Male) |
| 25:52 | Create | Villager (Male) |
| 25:52 | Create | Villager (Male) |
| 25:53 | Create | Villager (Male) |
| 25:53 | Create | Villager (Male) |
| 25:53 | Create | Villager (Male) |
| 25:54 | Create | Villager (Male) |
| 26:01 | Create | Villager (Male) |
| 26:01 | Create | Villager (Male) |
| 26:02 | Create | Villager (Male) |
| 26:02 | Create | Villager (Male) |
| 26:02 | Create | Villager (Male) |
| 26:02 | Create | Villager (Male) |
| 26:03 | Create | Villager (Male) |
| 26:03 | Create | Villager (Male) |
| 26:54 | Research | Heavy Plow |
| 27:10 | Build | Farm |
| 28:17 | Build | Stone Wall |
| 28:35 | Build | Monastery |
| 28:59 | Build | Stone Wall |
| 29:27 | Build | University |
| 29:36 | Create | Monk |
| 30:01 | Research | Coinage |
| 30:02 | Research | Caravan |
| 30:04 | Create | Trade Cart |
| 30:05 | Create | Trade Cart |
| 30:05 | Create | Trade Cart |
| 30:06 | Create | Trade Cart |
| 30:06 | Create | Trade Cart |
| 30:06 | Create | Trade Cart |
| 30:07 | Create | Trade Cart |
| 30:07 | Create | Trade Cart |
| 31:32 | Research | Imperial Age |
| 31:37 | Create | Villager (Male) |
| 31:37 | Create | Villager (Male) |
| 31:38 | Create | Villager (Male) |
Build order — sirarthu
First 150 of 610 actions detected
| 0:06 | Create | Villager (Male) |
| 0:06 | Create | Villager (Male) |
| 0:07 | Create | Villager (Male) |
| 0:07 | Create | Villager (Male) |
| 0:11 | Build | House |
| 1:18 | Create | Villager (Male) |
| 1:18 | Create | Villager (Male) |
| 1:23 | Build | House |
| 1:40 | Build | Mill |
| 1:46 | Build | Lumber Camp |
| 2:41 | Research | Feudal Age |
| 3:42 | Create | Villager (Male) |
| 3:42 | Create | Villager (Male) |
| 4:57 | Build | Farm |
| 4:59 | Create | Villager (Male) |
| 5:10 | Build | Blacksmith |
| 5:14 | Build | Market |
| 5:25 | Build | Farm |
| 5:29 | Create | Villager (Male) |
| 5:30 | Create | Villager (Male) |
| 6:17 | Build | Farm |
| 6:18 | Build | Farm |
| 6:20 | Build | Farm |
| 6:22 | Build | Farm |
| 6:44 | Create | Villager (Male) |
| 6:49 | Build | Farm |
| 7:19 | Research | Castle Age |
| 8:13 | Build | Lumber Camp |
| 8:22 | Create | Villager (Male) |
| 8:28 | Research | Double-Bit Axe |
| 8:30 | Research | Horse Collar |
| 10:05 | Build | Town Center |
| 10:11 | Build | Town Center |
| 10:16 | Create | Villager (Male) |
| 10:16 | Create | Villager (Male) |
| 10:17 | Create | Villager (Male) |
| 10:23 | Research | Bow Saw |
| 11:01 | Create | Villager (Male) |
| 11:21 | Build | Town Center |
| 11:29 | Create | Villager (Male) |
| 11:30 | Create | Villager (Male) |
| 11:37 | Research | Wheelbarrow |
| 11:38 | Create | Villager (Male) |
| 11:38 | Create | Villager (Male) |
| 11:38 | Create | Villager (Male) |
| 11:55 | Research | Loom |
| 12:06 | Create | Villager (Male) |
| 12:11 | Build | Farm |
| 12:15 | Build | Farm |
| 12:19 | Build | Farm |
| 13:00 | Create | Villager (Male) |
| 13:00 | Create | Villager (Male) |
| 13:03 | Create | Villager (Male) |
| 13:08 | Create | Villager (Male) |
| 13:08 | Create | Villager (Male) |
| 13:08 | Create | Villager (Male) |
| 13:19 | Build | Town Center |
| 13:25 | Create | Villager (Male) |
| 13:25 | Create | Villager (Male) |
| 13:25 | Create | Villager (Male) |
| 13:43 | Build | Farm |
| 13:43 | Build | Farm |
| 13:44 | Build | Farm |
| 13:44 | Build | Farm |
| 13:45 | Build | Farm |
| 13:45 | Build | Farm |
| 13:47 | Build | Farm |
| 13:59 | Create | Villager (Male) |
| 13:59 | Create | Villager (Male) |
| 14:02 | Create | Villager (Male) |
| 14:02 | Create | Villager (Male) |
| 14:02 | Create | Villager (Male) |
| 14:10 | Create | Villager (Male) |
| 14:11 | Create | Villager (Male) |
| 14:15 | Build | Farm |
| 14:21 | Build | Farm |
| 14:25 | Create | Villager (Male) |
| 14:26 | Create | Villager (Male) |
| 14:32 | Build | Farm |
| 14:46 | Create | Villager (Male) ×2 |
| 14:46 | Create | Villager (Male) ×2 |
| 14:46 | Create | Villager (Male) ×2 |
| 14:51 | Build | Farm |
| 14:55 | Build | Farm |
| 15:11 | Create | Villager (Male) |
| 15:18 | Build | Farm |
| 15:22 | Build | Farm |
| 15:31 | Create | Villager (Male) ×5 |
| 15:52 | Build | Farm |
| 16:02 | Create | Villager (Male) ×5 |
| 16:02 | Create | Villager (Male) ×5 |
| 16:02 | Create | Villager (Male) ×5 |
| 16:07 | Build | House |
| 16:28 | Build | Monastery |
| 16:36 | Create | Villager (Male) ×5 |
| 16:36 | Create | Villager (Male) ×5 |
| 16:37 | Create | Villager (Male) ×5 |
| 16:43 | Build | House |
| 16:43 | Build | House |
| 16:44 | Build | House |
| 16:44 | Build | House |
| 16:45 | Build | House |
| 16:45 | Build | House |
| 16:46 | Build | House |
| 16:46 | Build | House |
| 16:57 | Build | House |
| 16:57 | Build | House |
| 16:58 | Build | House |
| 16:58 | Build | House |
| 16:59 | Build | House |
| 16:59 | Build | House |
| 17:00 | Build | House |
| 17:07 | Create | Villager (Male) ×5 |
| 17:07 | Create | Villager (Male) |
| 17:45 | Create | Villager (Male) ×5 |
| 17:45 | Create | Villager (Male) ×5 |
| 17:51 | Create | Monk |
| 17:59 | Build | House |
| 17:59 | Build | House |
| 18:00 | Build | House |
| 18:00 | Build | House |
| 18:01 | Build | House |
| 18:01 | Build | House |
| 18:01 | Build | House |
| 18:02 | Build | House |
| 18:03 | Build | House |
| 18:19 | Create | Villager (Male) ×5 |
| 18:19 | Create | Villager (Male) ×5 |
| 18:19 | Create | Villager (Male) ×5 |
| 18:19 | Create | Villager (Male) ×5 |
| 18:26 | Build | Farm |
| 18:27 | Build | Farm |
| 18:27 | Build | Farm |
| 18:28 | Build | Farm |
| 18:28 | Build | Farm |
| 18:28 | Build | Farm |
| 18:29 | Build | Farm |
| 18:29 | Build | Farm |
| 18:29 | Build | Farm |
| 18:40 | Create | Villager (Male) ×3 |
| 18:40 | Create | Villager (Male) ×3 |
| 18:58 | Build | Mining Camp |
| 19:08 | Build | House |
| 19:08 | Build | House |
| 19:08 | Build | House |
| 19:09 | Build | House |
| 19:10 | Build | House |
| 19:11 | Build | House |
| 19:11 | Build | House |
| 19:11 | Build | House |
Build order — sbaqir586
First 150 of 434 actions detected
| 0:14 | Create | Villager (Male) ×5 |
| 0:20 | Research | Loom |
| 0:32 | Create | Villager (Male) ×5 |
| 0:32 | Create | Villager (Male) ×2 |
| 0:33 | Create | Villager (Male) ×2 |
| 1:28 | Build | Lumber Camp |
| 1:40 | Create | Villager (Male) |
| 2:54 | Build | House |
| 2:55 | Build | House |
| 2:55 | Build | House |
| 3:45 | Create | Villager (Male) ×5 |
| 3:45 | Create | Villager (Male) ×5 |
| 3:53 | Build | House |
| 4:27 | Build | House |
| 4:58 | Create | Villager (Male) ×4 |
| 5:13 | Build | Mill |
| 5:17 | Build | House |
| 5:26 | Create | Villager (Male) |
| 5:26 | Create | Villager (Male) |
| 5:26 | Create | Villager (Male) |
| 5:27 | Create | Villager (Male) |
| 6:04 | Research | Feudal Age |
| 6:22 | Build | Farm |
| 6:22 | Build | Farm |
| 6:22 | Build | Farm |
| 6:23 | Build | Farm |
| 6:23 | Build | Farm |
| 6:24 | Build | Farm |
| 6:24 | Build | Farm |
| 6:24 | Build | Farm |
| 6:25 | Build | Farm |
| 6:25 | Build | Farm |
| 7:00 | Build | Farm |
| 7:01 | Build | Farm |
| 7:02 | Build | Farm |
| 7:11 | Build | Farm |
| 8:18 | Build | Market |
| 8:22 | Create | Villager (Male) ×5 |
| 8:29 | Create | Villager (Male) |
| 8:30 | Create | Villager (Male) |
| 8:31 | Create | Villager (Male) |
| 9:11 | Create | Villager (Male) |
| 9:11 | Create | Villager (Male) |
| 9:16 | Build | Mining Camp |
| 9:18 | Research | Horse Collar |
| 9:34 | Build | Market |
| 9:48 | Create | Villager (Male) |
| 9:48 | Create | Villager (Male) |
| 10:21 | Build | Blacksmith |
| 10:59 | Build | Farm |
| 11:04 | Create | Villager (Male) |
| 11:05 | Create | Villager (Male) |
| 11:15 | Research | Castle Age |
| 12:58 | Build | Lumber Camp |
| 13:57 | Build | Town Center |
| 14:06 | Create | Villager (Male) ×5 |
| 14:12 | Build | Town Center |
| 14:22 | Build | Town Center |
| 14:42 | Build | Mining Camp |
| 15:08 | Create | Villager (Male) ×5 |
| 15:08 | Create | Villager (Male) ×5 |
| 15:08 | Create | Villager (Male) ×5 |
| 15:09 | Create | Villager (Male) ×5 |
| 15:16 | Create | Villager (Male) ×5 |
| 15:17 | Create | Villager (Male) ×5 |
| 15:21 | Create | Villager (Male) ×5 |
| 15:49 | Create | Villager (Male) ×5 |
| 15:50 | Create | Villager (Male) ×5 |
| 15:50 | Create | Villager (Male) ×5 |
| 15:51 | Create | Villager (Male) ×5 |
| 15:51 | Create | Villager (Male) ×5 |
| 15:52 | Create | Villager (Male) ×5 |
| 15:52 | Create | Villager (Male) ×5 |
| 15:53 | Create | Villager (Male) ×2 |
| 16:18 | Build | Town Center |
| 17:25 | Build | Monastery |
| 17:32 | Create | Villager (Male) ×5 |
| 17:33 | Create | Villager (Male) ×5 |
| 17:33 | Create | Villager (Male) ×5 |
| 17:34 | Create | Villager (Male) ×3 |
| 17:54 | Create | Villager (Male) ×2 |
| 18:15 | Create | Villager (Male) ×2 |
| 18:21 | Create | Monk |
| 19:05 | Create | Villager (Male) ×5 |
| 19:05 | Create | Villager (Male) ×5 |
| 19:23 | Build | Mining Camp |
| 19:44 | Build | House |
| 19:45 | Build | House |
| 19:45 | Build | House |
| 19:46 | Build | House |
| 19:47 | Build | House |
| 19:48 | Build | House |
| 19:49 | Build | House |
| 19:49 | Build | House |
| 19:50 | Build | House |
| 19:50 | Build | House |
| 19:52 | Build | House |
| 19:57 | Create | Villager (Male) ×5 |
| 19:57 | Create | Villager (Male) ×5 |
| 22:06 | Build | Town Center |
| 22:10 | Build | Farm |
| 22:11 | Build | Farm |
| 22:11 | Build | Farm |
| 22:11 | Build | Farm |
| 22:12 | Build | Farm |
| 22:12 | Build | Farm |
| 22:13 | Build | Farm |
| 22:13 | Build | Farm |
| 22:13 | Build | Farm |
| 22:31 | Build | Lumber Camp |
| 22:37 | Research | Double-Bit Axe |
| 22:47 | Create | Villager (Male) ×5 |
| 22:48 | Create | Villager (Male) ×5 |
| 22:49 | Create | Villager (Male) ×5 |
| 23:01 | Build | House |
| 23:02 | Build | House |
| 23:03 | Build | House |
| 23:16 | Build | House |
| 23:30 | Build | House |
| 23:51 | Build | Mining Camp |
| 23:55 | Research | Gold Mining |
| 23:56 | Research | Stone Mining |
| 24:13 | Research | Bow Saw |
| 24:39 | Build | Mining Camp |
| 24:55 | Build | Market |
| 24:56 | Build | Market |
| 25:31 | Build | Town Center |
| 26:00 | Build | Farm |
| 26:00 | Build | Farm |
| 26:01 | Build | Farm |
| 26:01 | Build | Farm |
| 26:02 | Build | Farm |
| 26:02 | Build | Farm |
| 26:03 | Build | Farm |
| 26:03 | Build | Farm |
| 26:04 | Build | Farm |
| 26:04 | Build | Farm |
| 26:04 | Build | Farm |
| 26:05 | Build | Farm |
| 26:05 | Build | Farm |
| 26:05 | Build | Farm |
| 26:06 | Build | Farm |
| 26:06 | Build | Farm |
| 26:07 | Build | Farm |
| 26:07 | Build | Farm |
| 26:07 | Build | Farm |
| 26:08 | Build | Farm |
| 26:08 | Build | Farm |
| 26:09 | Build | Farm |
| 26:09 | Build | Farm |
Build order — PETIEboy391391
First 150 of 1091 actions detected
| 1:34 | Create | Villager (Male) |
| 2:10 | Build | Lumber Camp |
| 2:21 | Build | Mill |
| 2:27 | Create | Villager (Male) |
| 2:27 | Create | Villager (Male) |
| 2:28 | Create | Villager (Male) |
| 2:28 | Create | Villager (Male) |
| 2:40 | Create | Villager (Male) |
| 3:02 | Create | Villager (Male) |
| 3:21 | Research | Feudal Age |
| 3:59 | Build | Lumber Camp |
| 5:13 | Create | Villager (Male) |
| 5:14 | Create | Villager (Male) |
| 5:29 | Build | Farm |
| 6:53 | Create | Villager (Male) |
| 6:53 | Create | Villager (Male) |
| 7:00 | Create | Villager (Male) |
| 7:05 | Build | Blacksmith |
| 7:07 | Build | Market |
| 8:09 | Build | Farm |
| 8:12 | Create | Villager (Male) |
| 8:20 | Build | Mining Camp |
| 8:26 | Build | Mining Camp |
| 9:03 | Create | Villager (Male) |
| 9:31 | Create | Villager (Male) |
| 9:31 | Create | Villager (Male) |
| 9:50 | Create | Villager (Male) |
| 10:24 | Research | Castle Age |
| 10:45 | Research | Horse Collar |
| 11:08 | Create | Villager (Male) |
| 13:43 | Build | Town Center |
| 13:54 | Build | Farm |
| 13:58 | Build | Farm |
| 14:01 | Build | Farm |
| 14:03 | Build | Farm |
| 14:08 | Build | Farm |
| 14:11 | Build | Farm |
| 14:19 | Create | Villager (Male) |
| 14:21 | Create | Villager (Male) |
| 14:21 | Create | Villager (Male) |
| 14:22 | Create | Villager (Male) |
| 14:24 | Research | Double-Bit Axe |
| 14:27 | Research | Heavy Plow |
| 14:50 | Build | House |
| 14:53 | Build | House |
| 14:56 | Build | House |
| 14:57 | Build | House |
| 15:05 | Create | Villager (Male) |
| 15:05 | Create | Villager (Male) |
| 15:06 | Create | Villager (Male) |
| 15:13 | Create | Villager (Male) |
| 15:22 | Build | Town Center |
| 15:45 | Create | Villager (Male) |
| 15:47 | Create | Villager (Male) |
| 16:02 | Create | Villager (Male) |
| 16:03 | Create | Villager (Male) |
| 16:50 | Create | Villager (Male) |
| 16:51 | Create | Villager (Male) |
| 17:16 | Create | Villager (Male) |
| 17:16 | Create | Villager (Male) |
| 17:17 | Create | Villager (Male) |
| 17:17 | Create | Villager (Male) |
| 17:30 | Build | Town Center |
| 17:37 | Create | Villager (Male) |
| 17:38 | Create | Villager (Male) |
| 17:44 | Create | Villager (Male) |
| 17:50 | Research | Loom |
| 18:00 | Create | Villager (Male) |
| 18:18 | Build | Farm |
| 18:20 | Build | Farm |
| 18:23 | Build | Farm |
| 18:26 | Build | Farm |
| 18:28 | Build | Farm |
| 18:31 | Build | Farm |
| 19:06 | Build | Farm |
| 19:09 | Build | Farm |
| 19:12 | Build | Farm |
| 19:17 | Create | Villager (Male) |
| 19:17 | Create | Villager (Male) |
| 19:18 | Create | Villager (Male) |
| 19:20 | Create | Villager (Male) |
| 19:20 | Create | Villager (Male) |
| 19:24 | Create | Villager (Male) |
| 19:25 | Create | Villager (Male) |
| 19:36 | Build | Farm |
| 19:39 | Build | Farm |
| 19:43 | Build | Farm |
| 19:54 | Build | Mining Camp |
| 20:09 | Research | Wheelbarrow |
| 20:12 | Create | Villager (Male) |
| 20:17 | Create | Villager (Male) |
| 20:21 | Create | Villager (Male) |
| 20:30 | Create | Villager (Male) |
| 20:45 | Build | Farm |
| 20:47 | Build | Farm |
| 20:50 | Build | Farm |
| 20:55 | Create | Villager (Male) |
| 20:56 | Create | Villager (Male) |
| 21:02 | Create | Villager (Male) |
| 21:04 | Create | Villager (Male) |
| 21:07 | Create | Villager (Male) |
| 21:22 | Create | Villager (Male) |
| 21:22 | Create | Villager (Male) |
| 21:28 | Create | Villager (Male) |
| 21:33 | Create | Villager (Male) |
| 21:37 | Create | Villager (Male) |
| 21:41 | Build | House |
| 21:43 | Build | House |
| 21:45 | Build | House |
| 21:55 | Research | Town Watch |
| 22:08 | Build | Farm |
| 22:16 | Build | Farm |
| 22:26 | Research | Hand Cart |
| 22:33 | Research | Hand Cart |
| 22:36 | Create | Villager (Male) |
| 22:36 | Create | Villager (Male) |
| 22:41 | Create | Villager (Male) |
| 22:44 | Create | Villager (Male) |
| 22:47 | Create | Villager (Male) |
| 22:54 | Create | Villager (Male) |
| 22:57 | Create | Villager (Male) |
| 23:00 | Create | Villager (Male) |
| 23:04 | Create | Villager (Male) |
| 23:19 | Create | Villager (Male) |
| 23:20 | Create | Villager (Male) |
| 23:32 | Build | Farm |
| 23:35 | Build | Farm |
| 23:37 | Build | Farm |
| 23:40 | Build | Farm |
| 23:50 | Research | Bow Saw |
| 24:03 | Create | Villager (Male) |
| 24:04 | Create | Villager (Male) |
| 24:28 | Build | Castle |
| 24:49 | Create | Villager (Male) |
| 24:50 | Create | Villager (Male) |
| 24:51 | Create | Villager (Male) |
| 24:53 | Create | Villager (Male) |
| 24:53 | Create | Villager (Male) |
| 24:54 | Create | Villager (Male) |
| 24:54 | Create | Villager (Male) |
| 25:06 | Build | House |
| 25:07 | Build | House |
| 25:09 | Build | House |
| 25:10 | Build | House |
| 25:11 | Build | House |
| 25:13 | Build | House |
| 25:14 | Build | House |
| 25:15 | Build | House |
| 25:17 | Build | House |
| 25:19 | Build | House |
Match timeline
| 1:40 | z-xX-Future-Xx-z · first_building Barracks |
| 6:55 | sirarthu · first_market_sell 100 wood |
| 6:59 | sirarthu · first_market_buy 100 food |
| 7:17 | z-xX-Future-Xx-z · first_building Stable |
| 7:23 | z-xX-Future-Xx-z · first_building Archery Range |
| 16:28 | sirarthu · first_building Monastery |
| 17:25 | sbaqir586 · first_building Monastery |
| 17:27 | Nanobeast9523 · wall_segment Stone Wall x54 |
| 17:43 | Nanobeast9523 · wall_segment Stone Wall x41 |
| 23:50 | Nanobeast9523 · wall_segment Stone Wall x38 |
| 23:57 | Nanobeast9523 · wall_segment Stone Wall x31 |
| 24:04 | z-xX-Future-Xx-z · wall_segment Stone Wall x24 |
| 24:05 | Nanobeast9523 · wall_segment Stone Wall x47 |
| 24:22 | z-xX-Future-Xx-z · wall_segment Stone Wall x54 |
| 24:28 | PETIEboy391391 · first_building Castle |
| 25:18 | z-xX-Future-Xx-z · wall_segment Stone Wall x61 |
| 27:03 | PETIEboy391391 · wall_segment Stone Wall x39 |
| 27:10 | PETIEboy391391 · wall_segment Stone Wall x49 |
| 27:28 | sirarthu · first_building Siege Workshop |
| 27:54 | sirarthu · first_building Barracks |
| 27:59 | z-xX-Future-Xx-z · wall_segment Stone Wall x43 |
| 28:08 | sirarthu · first_building Castle |
| 28:09 | z-xX-Future-Xx-z · wall_segment Stone Wall x8 |
| 28:17 | Sonjano007 · wall_segment Stone Wall x39 |
| 28:21 | Nanobeast9523 · first_building Monastery |
| 28:35 | Sonjano007 · first_building Monastery |
| 28:56 | sirarthu · first_building Stable |
| 28:59 | Sonjano007 · wall_segment Stone Wall x30 |
| 29:54 | z-xX-Future-Xx-z · first_building Monastery |
| 33:00 | PETIEboy391391 · first_building Siege Workshop |
| 33:28 | PETIEboy391391 · first_building Monastery |
| 34:30 | sbaqir586 · first_building Castle |
| 34:34 | Sonjano007 · wall_segment Stone Wall x28 |
| 35:14 | z-xX-Future-Xx-z · wall_segment Stone Wall x10 |
| 35:20 | z-xX-Future-Xx-z · wall_segment Stone Wall x6 |
| 35:26 | z-xX-Future-Xx-z · wall_segment Stone Wall x12 |
| 35:32 | z-xX-Future-Xx-z · wall_segment Stone Wall x6 |
| 35:40 | z-xX-Future-Xx-z · wall_segment Stone Wall x8 |
| 36:31 | z-xX-Future-Xx-z · first_building Castle |
| 37:05 | Nanobeast9523 · wall_segment Stone Wall x56 |
| 37:24 | Nanobeast9523 · wall_segment Stone Wall x47 |
| 37:30 | PETIEboy391391 · first_market_sell 100 food |
| 39:08 | PETIEboy391391 · first_building Barracks |
| 39:44 | sbaqir586 · first_market_buy 100 stone |
| 40:05 | sbaqir586 · first_building Barracks |
| 40:08 | sirarthu · wall_segment Stone Wall x8 |
| 40:17 | sirarthu · wall_segment Stone Wall x9 |
| 40:39 | sbaqir586 · first_building Stable |
| 40:53 | Nanobeast9523 · wall_segment Stone Wall x35 |
| 41:00 | Nanobeast9523 · wall_segment Stone Wall x30 |
| 42:04 | z-xX-Future-Xx-z · wall_segment Stone Wall x46 |
| 42:10 | z-xX-Future-Xx-z · wall_segment Stone Wall x26 |
| 42:21 | z-xX-Future-Xx-z · first_market_buy 100 stone |
| 43:48 | Nanobeast9523 · first_building Castle |
| 43:52 | PETIEboy391391 · first_building Archery Range |
| 44:57 | sirarthu · first_building Archery Range |
| 46:26 | Sonjano007 · first_market_buy 100 stone |
| 46:47 | Nanobeast9523 · first_market_buy 100 stone |
| 46:54 | Nanobeast9523 · first_market_sell 500 food |
| 47:21 | Sonjano007 · first_building Castle |
| 48:09 | sirarthu · wall_segment Stone Wall x14 |
| 48:40 | Sonjano007 · first_building Siege Workshop |
| 48:51 | Nanobeast9523 · first_building Siege Workshop |
| 49:21 | Nanobeast9523 · first_building Barracks |
| 50:08 | sbaqir586 · first_building Siege Workshop |
| 50:53 | z-xX-Future-Xx-z · first_building Siege Workshop |
| 52:36 | Nanobeast9523 · first_building Archery Range |
| 54:35 | Nanobeast9523 · first_building Stable |
| 61:34 | Nanobeast9523 · wall_segment Stone Wall x54 |
| 63:44 | sirarthu · resign |
| 64:18 | sbaqir586 · first_market_sell 500 stone |
[ AI ANALYSIS · 1 CREDIT ]
What really happened in this match?
Wolo.gg analyzes every decision: build order, eco, micro, common mistakes by bracket. Personalized analysis on WhatsApp or Discord in 30 seconds.
Civ guide
Persians
Map guide
Michi
Perfil
Jugador #22793039